 Dungeon Sprint DCSS version 0.30-a0-469-g84de5afbc5 (webtiles) character file.

Game seed: 2177634578971078417

3900000 NinjaNoafa the Intangible (level 15, -7/95 HPs)
             Began as a Felid Warper on Dec 19, 2022.
             Was a High Priest of Makhleb.
             Mangled by a large bag of meat
             ... wielding a +9 giant spiked club
              (102 damage)
             ... in the Dungeon (Sprint VIII: "Arena of Blood").
             The game lasted 00:01:14 (39 turns).

NinjaNoafa the Intangible (Felid Warper)              Turns: 39, Time: 00:01:15

Health: -7/95      AC:  3    Str:  7    XL:     15   Next: 13%
Magic:  36/39      EV: 35    Int: 23    God:    Makhleb [*****.]
Gold:   0          SH:  0    Dex: 15    Spells: 52/52 levels left
                                        Lives:  0   Deaths: 2

rFire   . . .      SeeInvis +      - Unarmed
rCold   + . .      Faith    .    (shield unavailable)
rNeg    . . .      Spirit   .    (body armour unavailable)
rPois   .          Reflect  .    (helmet unavailable)
rElec   .          Harm     .    (cloak unavailable)
rCorr   .          Rampage  .    (gloves unavailable)
Will    ++...      NoTele   +    (boots unavailable)
Stlth   +.........               (no amulet)
HPRegen 0.35/turn                g - +27000 ring of slaying
MPRegen 0.26/turn                (no ring)

@: hasted, very quick
A: very small, claws 1, fangs 3, see invisible, speed 1, shaggy fur 3, stealthy
paws, no weapons or thrown items, no armour, multi-lived
a: Renounce Religion, Minor Destruction, Lesser Servant of Makhleb, Major
Destruction, Greater Servant of Makhleb


You were in the Dungeon.
You worshipped Makhleb.
Makhleb was extremely pleased with you.
You visited 1 branch

Inventory:

Jewellery
 g - a +27000 ring of slaying (left paw)
Scrolls
 a - a scroll of blinking
Potions
 b - a potion of curing
 e - 2 potions of magic
 f - a potion of berserk rage


   Skills:
 O Level 27 Fighting
 O Level 27 Dodging
 + Level 21.0 Unarmed Combat
 + Level 19.4 Spellcasting
 O Level 27 Translocations
 + Level 20.8 Invocations


You had 52 spell levels left.
You didn't know any spells.
Your spell library contained the following spells:

 Spells                   Type           Power      Damage    Failure   Level
 Blink                    Tloc           100%       N/A       0%          2
 Lesser Beckoning         Tloc           100%       N/A       0%          3
 Teleport Other           Tloc           98%        N/A       0%          3
 Manifold Assault         Tloc           98%        N/A       0%          4
 Vhi's Electric Charge    Tloc/Air       100%       N/A       1%          3


Dungeon Overview and Level Annotations

Branches:
Dungeon (1/1)

Altars:
Makhleb


Innate Abilities, Weirdness & Mutations

You have sharp claws.
You have razor-sharp teeth.
You have supernaturally acute eyesight. (SInv)
You cover ground quickly. (Speed+)
Your thick and shaggy fur keeps you warm. (AC +3, rC+)
Your paws help you pounce on unaware monsters.
You are incapable of wielding weapons or throwing items.
You cannot wear armour.
You gain extra lives every three experience levels.


Message History

You feel better.
You hear a shout! x4
A large bag of meat comes into view. It is wielding a +9 giant spiked club.
You hear a shout!
Your Fighting skill increases to level 26!
Your Unarmed Combat skill increases to level 19!
Your Spellcasting skill increases to level 18!
Your Translocations skill increases to level 26!
Your Invocations skill increases to level 19!
Welcome back to level 14!
You don't know any spells.
You don't know any spells.
Unknown command.
You feel much better.
You hear a shout! x8
You feel yourself speed up.
You hear a shout! x8
You eviscerate the bag of meat!!!!!!!!!!
You kill the bag of meat!
Makhleb accepts your kill.
You feel better.
You hear a shout! x5
You have mastered Fighting!
Your Unarmed Combat skill increases to level 20!
You have mastered Translocations!
Your Invocations skill increases to level 20!
You eviscerate the bag of meat!!!!!!!!!!!!
You kill the bag of meat!
Makhleb accepts your kill.
You can now summon a greater servant of Makhleb.
You hear a shout! x8
Your Unarmed Combat skill increases to level 21!
Your Spellcasting skill increases to level 19!
Welcome back to level 15!
A large bag of meat comes into view. It is wielding a +9 giant spiked club.
You hear a shout! x5
You hear a shout! x5
The large bag of meat hits you with a +9 giant spiked club!!!!
Ouch! That really hurt!
You die...

.......†O#
......O##V.o..#..
....V.# o..#...
...... ###....
..... .....#.
..... .......
#..O.O####.......
....oo).#O......#
.....o)..@...#
..=.......####
###########


You could see 2 large bags of meat, a meat berserker (berserk) and 3 bags of
meat.

Vanquished Creatures
  A vampire knight (D)
  3 ogres (D)
  11 orcs (D)
15 creatures vanquished.

Notes
Turn   | Place    | Note
-------+----------+-------------------------------------------
     0 | D        | NinjaNoafa the Felid Warper began the quest for the Orb.
     0 | D        | Reached XP level 1. HP: 9/9 MP: 4/4
     2 | D        | Noticed a bag of meat
     2 | D        | Noticed a bag of meat
     3 | D        | Became a worshipper of Makhleb the Destroyer
     4 | D        | Noticed a bag of meat
     5 | D        | Noticed a meat berserker
     6 | D        | Noticed a bag of meat
     6 | D        | Noticed a bag of meat
     6 | D        | Noticed a bag of meat
     6 | D        | Noticed a bag of meat
     8 | D        | Noticed a bag of meat
    12 | D        | Noticed a bag of meat
    12 | D        | Noticed a bag of meat
    13 | D        | Killed a bag of meat
    13 | D        | Noticed a meat berserker
    14 | D        | Reached XP level 2. HP: 24/24 MP: 4/12
    14 | D        | Reached XP level 3. HP: 27/27 MP: 4/14
    14 | D        | Reached XP level 4. HP: 31/31 MP: 4/15
    14 | D        | Reached XP level 5. HP: 35/35 MP: 4/17
    14 | D        | Gained mutation: You are covered in thick fur. (AC +2)
                  | [Felid growth]
    14 | D        | Reached XP level 6. HP: 39/39 MP: 4/18
    14 | D        | Reached XP level 7. HP: 43/43 MP: 4/20
    14 | D        | Reached XP level 8. HP: 47/47 MP: 4/21
    14 | D        | Reached XP level 9. HP: 51/51 MP: 4/22
    14 | D        | Reached XP level 10. HP: 55/55 MP: 4/23
    14 | D        | Killed a meat berserker
    14 | D        | Reached * piety under Makhleb
    15 | D        | Reached XP level 11. HP: 19/63 MP: 4/27
    15 | D        | Gained mutation: Your thick and shaggy fur keeps you warm.
                  | (AC +3, rC+) [Felid growth]
    15 | D        | Reached XP level 12. HP: 20/67 MP: 4/28
    15 | D        | Killed a bag of meat
    16 | D        | Reached XP level 13. HP: 50/73 MP: 4/29
    16 | D        | Killed a bag of meat
    16 | D        | Noticed a bag of meat
    17 | D        | Noticed a bag of meat
    18 | D        | Noticed a bag of meat
    18 | D        | Noticed a meat berserker
    19 | D        | Killed a meat berserker
    19 | D        | Reached ** piety under Makhleb
    20 | D        | Reached XP level 14. HP: 75/81 MP: 5/32
    20 | D        | Killed a bag of meat
    21 | D        | Reached skill level 15 in Unarmed Combat
    21 | D        | Killed a bag of meat
    21 | D        | Noticed a destroyer
    21 | D        | Noticed a bag of meat
    22 | D        | Reached skill level 15 in Invocations
    22 | D        | Noticed a destroyer
    22 | D        | Killed a bag of meat
    22 | D        | Reached *** piety under Makhleb
    22 | D        | Noticed a meat berserker
    23 | D        | Reached skill level 27 in Dodging
    23 | D        | Killed a bag of meat
    24 | D        | Reached skill level 15 in Spellcasting
    24 | D        | Reached XP level 15. HP: 86/88 MP: 5/35
    25 | D        | Reached **** piety under Makhleb
    25 | D        | Noticed a destroyer
    26 | D        | Killed a meat berserker
    26 | D        | Demolished by a destroyer
    27 | D        | Reached XP level 14. HP: -17/87 MP: 6/35
    27 | D        | Noticed a meat berserker
    27 | D        | Noticed a meat berserker
    29 | D        | Noticed a meat berserker
    29 | D        | HP: 2/88 [meat berserker/+9 battleaxe (86)]
    30 | D        | Noticed a bag of meat
    30 | D        | Noticed a meat berserker
    30 | D        | Noticed a meat berserker
    30 | D        | Noticed a bag of meat
    30 | D        | Noticed a bag of meat
    30 | D        | Noticed a bag of meat
    30 | D        | Noticed a meat berserker
    30 | D        | Noticed a destroyer
    30 | D        | Noticed an eight-headed meat hydra
    30 | D        | Annihilated by a meat berserker
    30 | D        | Noticed a bag of meat
    30 | D        | Noticed a bag of meat
    30 | D        | Noticed a bag of meat
    30 | D        | Noticed a bag of meat
    30 | D        | Noticed a destroyer
    30 | D        | Noticed an eight-headed meat hydra
    30 | D        | Noticed a destroyer
    31 | D        | Reached XP level 13. HP: -38/84 MP: 35/35
    31 | D        | Noticed a bag of meat
    31 | D        | Noticed a bag of meat
    32 | D        | Noticed a bag of meat
    33 | D        | Killed a destroyer
    33 | D        | Noticed a large bag of meat
    34 | D        | Reached XP level 14. HP: 52/90 MP: 35/37
    36 | D        | Killed a bag of meat
    37 | D        | Reached skill level 27 in Fighting
    37 | D        | Reached skill level 27 in Translocations
    37 | D        | Killed a bag of meat
    37 | D        | Reached ***** piety under Makhleb
    38 | D        | Reached XP level 15. HP: 95/95 MP: 35/39
    38 | D        | Noticed a large bag of meat
    39 | D        | Mangled by a large bag of meat

Illustrated notes

Levels and vault maps discovered:
D:        meatsprint

Skill      XL: |  1  2  3  4  5  6  7  8  9 10 11 12 13 14 15 |
---------------+----------------------------------------------+-----
Fighting       | 13 16 17 26 27 24 | 27.0
Dodging        | 17 21 22 25 27 | 27.0
Unarmed Combat | 9 12 19 21 17 | 21.0
Spellcasting   | 8 11 18 19 16 | 19.4
Translocations | 13 16 17 26 27 24 | 27.0
Invocations    | 9 11 12 19 20 17 | 20.8

Action                   |  1- 3 |  4- 6 |  7- 9 | 10-12 | 13-15 || total
-------------------------+-------+-------+-------+-------+-------++-------
Melee: Unarmed           |     1 |       |       |     2 |    12 ||    15
  Use: Potion            |       |       |       |       |     2 ||     2
       Scroll            |       |       |       |       |     1 ||     1
Dodge: Dodged            |       |       |       |     1 |     2 ||     3

Table legend: (Time is in decaauts)
 A = Elapsed time spent in this place.
 B = Non-inter-level travel time spent in this place.
 C = Inter-level travel time spent in this place.
 D = Time resting spent in this place.
 E = Time spent auto-exploring this place.
 F = Levels seen in this place.
 G = Mean time per level.
                   A        B        C        D        E       F      G
               +--------+--------+--------+--------+--------+-----+--------+
         Total |     31 |     31 |      0 |      0 |      0 |   1 |   31.0 |
       Dungeon |     31 |     31 |      0 |      0 |      0 |   1 |   31.0 |
               +--------+--------+--------+--------+--------+-----+--------+

Top non-repeatable levels by time:
       D: 31 daAuts
